 Dungeon Crawl Stone Soup version 0.20.1-1-g8b1a95d (webtiles) character file.

668 Knicklaso the Carver (level 7, -2/40 HPs)
             Began as a Tengu Gladiator on July 26, 2017.
             Was a Follower of Uskayaw.
             Killed from afar by an orc wizard (8 damage)
             ... with a magic dart
             ... on level 5 of the Dungeon.
             The game lasted 00:14:41 (5025 turns).

Knicklaso the Carver (Tengu Gladiator)              Turns: 5025, Time: 00:14:41

Health: -2/40      AC:  5    Str: 16    XL:     7   Next: 58%
Magic:  8/8        EV: 12    Int:  8    God:    Uskayaw [*.....]
Gold:   62         SH:  0    Dex: 16    Spells: 6/6 levels left

rFire    + . .     SeeInvis .   a - +0 long sword
rCold    . . .     Gourm    +   (no shield)
rNeg     . . .     Faith    .   e - +0 ring mail
rPois    .         Spirit   .   c - +0 hat
rElec    .         Reflect  .   (no cloak)
rCorr    .         Harm     .   (no gloves)
MR       .....                  (boots unavailable)
Stlth    +.........             o - amulet of the gourmand
Regen    0.2/turn               y - ring of protection from fire
MPRegen  0.2/turn               (no ring)

@: no status effects
A: beak, talons 3, able to fly 1
a: Fly, Stomp, Renounce Religion


You were on level 5 of the Dungeon.
You worshipped Uskayaw.
Uskayaw was noncommittal.
You were not hungry.

You visited 2 branches of the dungeon, and saw 6 of its levels.

You collected 272 gold pieces.
You spent 210 gold pieces at shops.

Inventory:

Hand Weapons
 a - a +0 long sword (weapon)
Missiles
 d - 3 throwing nets (quivered)
 E - 2 exploding tomahawks
Armour
 b - a +0 leather armour
 c - a +0 hat (worn)
 e - a +0 ring mail (worn)
 k - a +0 plate armour
 D - a cursed +0 robe
Jewellery
 o - an amulet of the gourmand (around neck)
 y - a ring of protection from fire (left hand)
 B - an uncursed ring of protection from fire
Scrolls
 h - a scroll of teleportation {unknown}
 j - 4 scrolls of fear {unknown}
 l - 5 scrolls of remove curse
 m - 7 scrolls of identify {unknown}
 n - 3 scrolls of amnesia {unknown}
 p - a scroll of magic mapping {unknown}
 r - a scroll of recharging {unknown}
 z - 3 scrolls of enchant weapon {unknown}
 A - a scroll of random uselessness {unknown}
 F - a scroll of blinking {unknown}
Potions
 g - 2 potions of agility
 i - 4 potions of brilliance
 q - a potion of mutation {unknown}
 s - 2 potions of flight {unknown}
 t - 3 potions of curing
 w - a potion of haste {unknown}
 x - a potion of invisibility
 C - a potion of magic {unknown}
 G - a potion of might
Comestibles
 f - 4 bread rations
 u - 4 fruits
 v - 2 royal jellies


   Skills:
 - Level 2.0 Fighting
 + Level 9.4 Long Blades
 - Level 2.0 Throwing
 - Level 3.2 Dodging


You had 6 spell levels left.
You didn't know any spells.

Dungeon Overview and Level Annotations

Branches:
Dungeon (5/15)             Temple (1/1) D:4

Altars:
Ashenzari
Dithmenos
Elyvilon
Gozag
Kikubaaqudgha
Nemelex Xobeh
Sif Muna
Trog
Uskayaw
Zin

Shops:
D:5 !

Annotations:
D:5 Morrissey's ghost, novice DrTm


Innate Abilities, Weirdness & Mutations

You have a beak for a mouth.
You have claws for feet.
You can fly.


Message History

You hit Morrissey's ghost but do no damage.
Your kick misses Morrissey's ghost.
Morrissey's ghost is lightly damaged.
Morrissey's ghost hits you.
You completely miss Morrissey's ghost.
You claw Morrissey's ghost, but do no damage.
Morrissey's ghost is lightly damaged.
Morrissey's ghost hits you!
You barely miss Morrissey's ghost.
You claw Morrissey's ghost, but do no damage.
Morrissey's ghost is lightly damaged.
Morrissey's ghost barely misses you.
You hit Morrissey's ghost. You peck Morrissey's ghost.
Morrissey's ghost is moderately damaged.
Morrissey's ghost briefly looks inexplicably like a stone statue.
Morrissey's ghost hits you!
* * * LOW HITPOINT WARNING * * *
The orc wizard points at you and mumbles some strange words.
The magic dart hits you!
You die...

##.......####.##..#
##.##
#.......###..)#o.###...#
#.....).##)..))..##....#
#..#...........W.##....#
#.......##.....####.#.##
##.#.######.o.## #.#.#
#.#.#######.######.#.#
### #
#.........##...#.#.##..
..# .
........W.@.........#
#Z. #
........o..>.....##.#
#..
#########...........#
#.. ##...#..###.# #..
#####.... # #<.
##.....ooo....
####...##### ##


You could see an orc wizard and Morrissey's ghost.

Vanquished Creatures
  An ogre (D:4)
  2 crimson imps (D:5)
  A quasit (D:5)
  A jelly (D:5)
  A bullfrog skeleton (D:4)
  2 orc wizards (D:5)
  An iguana (D:5)
  Natasha (D:2)
  2 worker ants (D:4)
  8 adders
  8 gnolls (D:3)
  2 oozes
  4 worms
  2 dart slugs (D:2)
  2 leopard geckos
  7 orcs
  5 ball pythons
  7 bats
  4 giant cockroaches
  8 goblins
  13 hobgoblins
  2 jackals (D:2)
  2 quokkas
  11 frilled lizards
  A jackal skeleton (D:4)
  2 kobolds (D:1)
  10 rats
110 creatures vanquished.

Notes
Turn   | Place    | Note
-------+----------+-------------------------------------------
     0 | D:1      | Knicklaso the Tengu Gladiator began the quest for the Orb.
     0 | D:1      | Reached XP level 1. HP: 12/12 MP: 2/2
   209 | D:1      | Reached XP level 2. HP: 17/17 MP: 3/3
   240 | D:1      | Reached skill level 4 in Long Blades
   665 | D:2      | Reached XP level 3. HP: 21/21 MP: 4/4
   711 | D:2      | Reached skill level 5 in Long Blades
   837 | D:2      | Reached XP level 4. HP: 26/26 MP: 5/5
  1051 | D:2      | Noticed Natasha
  1056 | D:2      | Killed Natasha
  1184 | D:2      | Reached skill level 6 in Long Blades
  1184 | D:2      | Gained mutation: You can fly. [Tengu growth]
  1184 | D:2      | Reached XP level 5. HP: 22/30 MP: 6/6
  2464 | D:3      | Reached skill level 7 in Long Blades
  2514 | D:3      | HP: 1/30 [something (2)]
  2514 | D:3      | Reached XP level 6. HP: 1/35 MP: 7/7
  3580 | D:4      | Found a staircase to the Ecumenical Temple.
  3586 | Temple   | Entered the Ecumenical Temple
  3761 | Temple   | Became a worshipper of Uskayaw the Reveler
  3835 | D:4      | Reached * piety under Uskayaw
  3839 | D:4      | Reached ** piety under Uskayaw
  3840 | D:4      | Reached skill level 8 in Long Blades
  4312 | D:4      | Reached XP level 7. HP: 28/40 MP: 8/8
  4614 | D:4      | Found a deep blue altar of Sif Muna.
  4666 | D:5      | Entered Level 5 of the Dungeon
  4736 | D:5      | Reached *** piety under Uskayaw
  4855 | D:5      | Reached skill level 9 in Long Blades
  4920 | D:5      | Reached **** piety under Uskayaw
  4965 | D:5      | Found Eqecen's Distillery.
  4976 | D:5      | Bought a potion of might for 56 gold pieces
  4976 | D:5      | Bought a potion of curing for 42 gold pieces
  4976 | D:5      | Bought a potion of brilliance for 56 gold pieces
  4976 | D:5      | Bought a potion of agility for 56 gold pieces
  4982 | D:5      | Noticed Morrissey's ghost (novice DrTm)
  5025 | D:5      | Killed from afar by an orc wizard

Skill      XL: |  1  2  3  4  5  6  7 |
---------------+----------------------+-----
Long Blades    | 4 5 6 7 8 9 |  9.4
Fighting       | |  2.0
Throwing       | |  2.0
Dodging        | |  3.2

Action                   |  1- 3 |  4- 6 |  7- 9 || total
-------------------------+-------+-------+-------++-------
Melee: Long sword        |    47 |   151 |    51 ||   249
       Kick              |    15 |    50 |    16 ||    81
       Peck              |     5 |    32 |    12 ||    49
Invok: Line Pass         |       |       |     1 ||     1
  Use: Scroll            |       |     1 |       ||     1
 Stab: Paralysed         |       |       |     3 ||     3
  Eat: Chunk             |       |    14 |     4 ||    18
Armor: Ring mail         |    12 |    35 |    20 ||    67
Dodge: Dodged            |    36 |    66 |    37 ||   139
       Rpst.: Long sword |    11 |    24 |     7 ||    42
